AoeStats
← [TopGun]johnnynagel

Oasis

508481690Analyzed
3v3 RM · 9d ago on Sep 22, 2026· 32m 47s· 6 players
Game mode
Random Map
Map size
Normal (6 player)
Population
200
Speed
Normal
Resources
Standard
Victory
Conquest
Starting age
Dark Age
Ending age
Imperial Age
RankedLock teamsTeams togetherTeam positionsShared explorationLock speedFull tech treeHidden civsTurbo modeCheats
Victory
Defeat
🇩🇪 Persians · Germany
1192
+16
🇩🇪 Saracens · Germany
1160
+17
🇩🇪 Ethiopians · Germany
1141
+18
🇩🇪 Italians · Germany
1228
-18
🇩🇪 Persians · Germany
1178
-17
🇩🇪 Britons · Germany
1160
-16
[TopGun]Sundown
9:05 Feudal Age
9:44 Double-Bit Axe
10:57 Horse Collar
19:14 Castle Age
18:22 Wheelbarrow
18:12 Scale Barding Armor
20:15 Bow Saw
20:17 Bloodlines
20:07 Husbandry
21:25 Chain Barding Armor
21:04 Gold Mining
23:54 Forging
32:12 Iron Casting
31:47 Loom
33:05 Hand Cart
[TopGun]Maverick
7:22 Loom
9:33 Feudal Age
10:14 Double-Bit Axe
14:03 Fletching
19:00 Town Watch
21:59 Castle Age
21:34 Horse Collar
22:54 Bodkin Arrow
23:56 Padded Archer Armor
23:34 Crossbowman
27:22 Bow Saw
28:36 Thumb Ring
30:11 Ballistics
[TopGun]johnnynagel
11:01 Feudal Age
9:17 Loom
19:06 Fletching
19:23 Double-Bit Axe
24:52 Castle Age
23:09 Double-Bit Axe
24:53 Crossbowman
26:14 Bow Saw
26:23 Padded Archer Armor
29:13 Bodkin Arrow
29:34 Leather Archer Armor
32:28 Ballistics
Karl_Liebknecht
3:44 Loom
10:52 Feudal Age
16:57 Castle Age
15:33 Double-Bit Axe
16:00 Horse Collar
29:59 Gold Mining
Roller-Rolf
7:00 Loom
9:49 Feudal Age
10:37 Double-Bit Axe
20:07 Castle Age
18:29 Gold Mining
18:20 Horse Collar
19:02 Fletching
20:31 Padded Archer Armor
20:43 Crossbowman
22:54 Bodkin Arrow
Klabusterperle
10:09 Feudal Age
13:59 Castle Age
12:01 Double-Bit Axe
13:32 Horse Collar
14:13 Loom
21:12 Fletching
24:38 Padded Archer Armor
25:39 Bodkin Arrow
29:24 Leather Archer Armor
34:00 Imperial Age
32:09 Wheelbarrow
Connection lost

Rejoining the realm…

Still unreachable

The connection could not be restored.

Session expired

The server has moved on; the page needs a fresh start.